 Dungeon Crawl Stone Soup version 0.21-a0-356-g45b0a09 (webtiles) character file.

171 Hasart the Chiller (level 5, -7/31 HPs)
             Began as an Octopode Ice Elementalist on Oct 13, 2017.
             Splashed by a jelly's acid (8 damage)
             ... on level 3 of the Dungeon.
             The game lasted 00:09:06 (3161 turns).

Hasart the Chiller (Octopode Ice Elementalist)      Turns: 3161, Time: 00:09:06

Health: -7/31      AC: -3    Str:  7    XL:     5   Next: 51%
Magic:  1/9        EV: 13    Int: 19    God:
Gold:   181        SH:  0    Dex: 12    Spells: 2/10 levels left

rFire    . . .     SeeInvis +   q - +0 whip (elec)
rCold    . . .     Gourm    .   (no shield)
rNeg     . . .     Faith    .   (helmet restricted)
rPois    .         Spirit   .   (no amulet)
rElec    .         Reflect  .   f - ring of see invisible
rCorr    .         Harm     .   (no ring)
MR       .....                  (no ring)
Stlth    +++.......             (no ring)
HPRegen  0.10/turn              (no ring)
MPRegen  0.11/turn              (no ring)
                                (no ring)
                                (no ring)

@: corroded
A: almost no armour, stealthy swim, amphibious, 8 rings, constrict 8, camouflage
1, gelatinous body 1
a: no special abilities


You were on level 3 of the Dungeon.
You were hungry.

You visited 1 branch of the dungeon, and saw 3 of its levels.

You collected 181 gold pieces.

Inventory:

Hand Weapons
 q - a +0 whip of electrocution (weapon)
Jewellery
 f - a ring of see invisible (left tentacle)
Scrolls
 d - a scroll of amnesia {unknown}
 e - 4 scrolls of identify {unknown}
 i - 4 scrolls of teleportation {unknown}
 l - 3 scrolls of remove curse {unknown}
 s - a scroll of fog {unknown}
Potions
 g - 2 potions of haste {unknown}
 h - 2 potions of lignification {unknown}
 k - a potion of curing {unknown}
 n - 2 potions of agility {unknown}
 o - 2 potions of flight {unknown}
 p - a potion of cancellation {unknown}
 r - a potion of degeneration {unknown}
Books
 a - a book of Frost

   Spells                             Type                      Level
   a - Freeze                         Ice                          1
   b - Throw Frost                    Conjuration/Ice              2
   c - Ozocubu's Armour               Charms/Ice                   3
   d - Throw Icicle                   Conjuration/Ice              4
   e - Summon Ice Beast               Ice/Summoning                4
Comestibles
 b - 2 bread rations
 c - a chunk of flesh
 j - 2 meat rations
 m - 2 royal jellies


   Skills:
 - Level 2.0 Dodging
 - Level 2.6 Stealth
 + Level 3.2 Spellcasting
 - Level 1.0 Conjurations
 * Level 5.2 Ice Magic


You had 2 spell levels left.
You knew the following spells:

 Your Spells              Type           Power        Failure   Level  Hunger
a - Freeze                Ice            ###.         1%          1    None
b - Throw Icicle          Conj/Ice       ###.....     38%         4    ####...
c - Ozocubu's Armour      Chrm/Ice       ##......     16%         3    ###....


Dungeon Overview and Level Annotations

Branches:
Dungeon (3/15)

Altars:
Kikubaaqudgha
Zin


Innate Abilities, Weirdness & Mutations

You cannot wear most types of armour.
You are very stealthy in the water. (Stealth+)
You are amphibious.
You can wear up to eight rings at the same time.
You can use your tentacles to constrict eight enemies at once.
Your skin changes colour to match your surroundings (Stealth+).
Your rubbery body absorbs attacks. (AC +1, EV +1)


Message History

Casting: Freeze
Confirm with . or Enter, or press ? or * to list all spells.
Aiming: Freeze
Press: ? - help, Shift-Dir - straight line, f/p - jelly
Aim: a jelly (severely wounded)
You freeze the jelly.
The jelly is severely wounded.
The jelly hits you.
You are splashed with acid!
The acid burns!
* * * LOW HITPOINT WARNING * * *
Casting: Freeze
Confirm with . or Enter, or press ? or * to list all spells.
Aiming: Freeze
Press: ? - help, Shift-Dir - straight line, f/p - jelly
Aim: a jelly (severely wounded)
You freeze the jelly.
The jelly is almost dead.
The jelly hits you.
* * * LOW HITPOINT WARNING * * *
The acid corrodes you!
You are splashed with acid!
The acid burns!
You die...

#########..........#..........
###.......#..........#..........
........).#............##.......
.........#............##.......
......................########.
######........######...#...####.
.................................
.#....)..)....#####...##....####.
.#.....)........@J...............
.#........#########...##....#####
...).....## #...##....# #..
..)####...#########...##....###..
..<#......'....#.#.....#.#+#.#+..
...###....#####.#.#.#.#.#.#.#.#..
...............#.#.#.#.#.#.#.#...
....##....#.....#.#.#.#.#.#.#.#.#
######....#...^.+#.#.#.#.#.#.#)#.


You could see a jelly.

Vanquished Creatures
  A jelly (D:3)
  3 adders
  An ooze (D:2)
  A worm (D:2)
  2 dart slugs (D:1)
  3 leopard geckos
  5 orcs (D:3)
  10 bats
  4 giant cockroaches
  7 goblins
  9 hobgoblins
  2 jackals (D:3)
  11 kobolds
  3 quokkas (D:3)
  A ball python (D:2)
  8 frilled lizards
  6 rats
77 creatures vanquished.

Vanquished Creatures (others)
  A rat (D:1)
1 creature vanquished.

Grand Total: 78 creatures vanquished

Notes
Turn   | Place    | Note
-------+----------+-------------------------------------------
     0 | D:1      | Hasart the Octopode Ice Elementalist began the quest for the Orb.
     0 | D:1      | Reached XP level 1. HP: 11/11 MP: 3/3
    55 | D:1      | Reached XP level 2. HP: 7/17 MP: 0/5
   513 | D:1      | Reached XP level 3. HP: 19/21 MP: 0/6
   697 | D:1      | Reached skill level 4 in Ice Magic
  1138 | D:2      | Reached XP level 4. HP: 10/27 MP: 2/8
  1150 | D:2      | Learned a level 4 spell: Throw Icicle
  1154 | D:2      | Learned a level 3 spell: Ozocubu's Armour
  2071 | D:2      | Found a faded altar of an unknown god.
  2353 | D:3      | Found an ancient bone altar of Kikubaaqudgha.
  2584 | D:3      | Reached XP level 5. HP: 27/31 MP: 5/9
  2811 | D:3      | Found a glowing silver altar of Zin.
  2874 | D:3      | Reached skill level 5 in Ice Magic
  3161 | D:3      | HP: 1/31 [jelly (2)]
  3161 | D:3      | Splashed by a jelly's acid

Vault maps used:
D:1:      lemuel_arrival_behind_the_door_small, grunt_decor_one_mirror,
          st_stairs_7, minmay_pentomino_o2
D:2:      cheibrodos_old_hovel, chequers_ecumenical_altar_grove
D:3:      marbit_many_paths, overflow_temple_1_default,
          kennysheep_generic_room_3

Skill      XL: |  1  2  3  4  5 |
---------------+----------------+-----
Ice Magic      | 4 5 |  5.2
Spellcasting   | 3 |  3.2
Dodging        | |  2.0
Stealth        | |  2.6
Conjurations   | |  1.0

Action                   |  1- 3 |  4- 6 || total
-------------------------+-------+-------++-------
Melee: Short sword       |    62 |    29 ||    91
       Constrict         |    15 |    16 ||    31
       Tentacles         |     5 |    11 ||    16
       Whip              |       |    36 ||    36
 Cast: Freeze            |    23 |    35 ||    58
       Ozocubu's Armour  |       |     2 ||     2
       Throw Icicle      |       |     1 ||     1
 Stab: Sleeping          |     5 |     3 ||     8
       Distracted        |     1 |       ||     1
  Eat: Chunk             |     1 |     6 ||     7
Armor: Skin              |     9 |    10 ||    19
Dodge: Dodged            |    73 |    70 ||   143

Table legend:
 A = Spawn XP
 B = Non-spawn XP
 C = Spawn XP percentage of total XP
 D = Spawn monster count
 E = Non-spawn monster count
 F = Spawn count percentage of total count
 G = Total turns spent on level
                    A         B        C        D         E        F      G
               +---------+---------+-------+---------+---------+-------+---------
         Total |       0 |     245 |   0.0 |       0 |      77 |   0.0 |  3161
               +---------+---------+-------+---------+---------+-------+---------
           D:1 |       0 |      54 |   0.0 |       0 |      30 |   0.0 |   994
           D:2 |       0 |      71 |   0.0 |       0 |      25 |   0.0 |  1137
           D:3 |       0 |     120 |   0.0 |       0 |      22 |   0.0 |  1030
               +---------+---------+-------+---------+---------+-------+---------
